 Dungeon Crawl Stone Soup version 0.29.1-12-g30fa7ad0bf (webtiles) character file.

Game seed: 14441605149788017700

500 MisterFreud the Covert (level 7, 0/56 HPs)
             Began as a Gnoll Brigand on Dec 13, 2022.
             Constricted to death by a ball python (1 damage)
             ... on level 4 of the Dungeon.
             The game lasted 00:03:48 (3795 turns).

MisterFreud the Covert (Gnoll Brigand)              Turns: 3795, Time: 00:03:49

Health: 0/56       AC:  3    Str: 10    XL:     7   Next: 16%
Magic:  10/10      EV: 10    Int: 12    God:
Gold:   271        SH:  0    Dex: 14    Spells: 10/10 levels left

rFire   . . .      SeeInvis .   o - +2 short sword (vamp)
rCold   . . .      Faith    .   (no shield)
rNeg    . . .      Spirit   .   b - +0 robe
rPois   .          Reflect  .   (no helmet)
rElec   .          Harm     .   h - +0 cloak
rCorr   .          Rampage  .   (no gloves)
Will    .....                   (no boots)
Stlth   ++++......              (no amulet)
HPRegen 0.18/turn               (no ring)
MPRegen 0.12/turn               (no ring)

@: constricted
A: fangs 1, strong nose, distributed training
a: no special abilities


You were on level 4 of the Dungeon.
You visited 1 branch of the dungeon, and saw 4 of its levels.

You collected 271 gold pieces.

Inventory:

Hand Weapons
 a - a +3 dagger
 i - a +1 dagger of holy wrath
 o - a +2 vampiric short sword (weapon)
 q - a +0 rapier of speed
Missiles
 d - 21 poisoned darts (quivered)
 e - 3 curare-tipped darts
 j - 4 javelins
 p - 6 boomerangs
Armour
 b - a +0 robe (worn)
 c - a +0 cloak
 h - a +0 cloak (worn)
Wands
 r - a wand of polymorph (5)
Potions
 f - a potion of flight {unknown}
 g - a potion of invisibility
 k - a potion of berserk rage
 l - 2 potions of curing
 m - a potion of might {unknown}
 n - 2 potions of magic {unknown}
 t - 2 potions of degeneration {unknown}


   Skills:
 + Level 5.2 Fighting
 + Level 5.2 Short Blades
 + Level 2.4 Long Blades
 + Level 2.4 Axes
 + Level 2.4 Maces & Flails
 + Level 2.4 Polearms
 + Level 2.4 Staves
 + Level 2.4 Ranged Weapons
 + Level 5.2 Throwing
 + Level 2.4 Armour
 + Level 3.5 Dodging
 + Level 8.2 Stealth
 + Level 2.4 Shields
 + Level 2.4 Unarmed Combat
 + Level 2.4 Spellcasting
 + Level 2.0 Conjurations
 + Level 2.0 Hexes
 + Level 2.0 Summonings
 + Level 2.0 Necromancy
 + Level 2.0 Translocations
 + Level 2.0 Transmutations
 + Level 2.0 Fire Magic
 + Level 2.0 Ice Magic
 + Level 2.0 Air Magic
 + Level 2.0 Earth Magic
 + Level 2.0 Poison Magic
 + Level 2.6 Invocations
 + Level 2.4 Evocations


You had 10 spell levels left.
You didn't know any spells.
Your spell library was empty.

Dungeon Overview and Level Annotations

Branches:
Dungeon (4/15)             Temple (0/1) D:4

Altars:
Yredelemnul

Shops:
D:2 :


Innate Abilities, Weirdness & Mutations

You have very sharp teeth.
Your uncanny sense of smell can sniff out nearby items.
Your experience applies equally to all skills.


Message History

The orc hits you but does no damage. Something hits you.
The ball python hisses angrily.
You hit something.
You feel better. The orc hits you but does no damage.
The orc hits you with a +0 whip.
You closely miss something.
You hear some strange, mumbled words.
A magic dart appears from out of thin air!
The magic dart hits you! The orc misses you. The orc closely misses you.
You closely miss something.
You hear some strange, mumbled words.
A magic dart appears from out of thin air!
The magic dart hits you. The orc hits you but does no damage.
The orc barely misses you.
You closely miss something. Your punch misses something.
Your bite misses something. Something hits you.
* * * LOW HITPOINT WARNING * * *
The orc barely misses you. The orc closely misses you.
You hit something but do no damage. You bite something.
You hear some strange, mumbled words.
Something tries to affect you, but you resist.
The orc hits you with a +0 short sword.
* * * LOW HITPOINT WARNING * * *
The orc barely misses you.
You hit something but do no damage. Your bite misses something.
Something hits you.
* * * LOW HITPOINT WARNING * * *
The orc hits you with a +0 short sword.
* * * LOW HITPOINT WARNING * * *
The orc misses you.
You barely miss something.
The ball python bites you but does no damage.
The ball python barely misses you. Something hits you.
* * * LOW HITPOINT WARNING * * *
Unknown command.
You closely miss something. The orc barely misses you.
The orc hits you with a +0 short sword.
* * * LOW HITPOINT WARNING * * *
The ball python barely misses you. The ball python grabs you.
The ball python constricts you.
You die...

#........## ### ∆∆
####..##..#####
#####
##..##.....##....#
##.........#....#
##.............
#...†.......>
..#..†......#
#..........{#
............S@#
#####........ooo..#
#..<......###....
#.........# #.
#.....$...#
#.........#
##.......##
##.....##


You could see 3 orcs and a ball python.

Vanquished Creatures
  Sigmund (D:3)
  A black bear (D:3)
  A hound (D:4)
  An orc priest (D:4)
  Ijyb (D:3)
  An orc wizard (D:4)
  5 adders
  2 worms (D:3)
  4 orcs
  7 bats
  4 endoplasms
  4 giant cockroaches
  5 goblins
  8 hobgoblins
  2 jackals (D:1)
  9 kobolds
  5 quokkas
  9 ball pythons
  3 frilled lizards
  7 rats
80 creatures vanquished.

Notes
Turn   | Place    | Note
-------+----------+-------------------------------------------
     0 | D:1      | MisterFreud the Gnoll Brigand began the quest for the Orb.
     0 | D:1      | Reached XP level 1. HP: 20/20 MP: 1/1
   196 | D:1      | Reached XP level 2. HP: 17/26 MP: 2/2
  1212 | D:2      | Reached XP level 3. HP: 31/31 MP: 3/3
  1290 | D:2      | Found Cagila's Book Boutique.
  1891 | D:2      | Reached skill level 1 in Invocations
  2212 | D:3      | Reached skill level 1 in Long Blades
  2212 | D:3      | Reached skill level 1 in Axes
  2212 | D:3      | Reached skill level 1 in Maces & Flails
  2212 | D:3      | Reached skill level 1 in Polearms
  2212 | D:3      | Reached skill level 1 in Staves
  2212 | D:3      | Reached skill level 1 in Ranged Weapons
  2212 | D:3      | Reached skill level 1 in Armour
  2212 | D:3      | Reached skill level 1 in Shields
  2212 | D:3      | Reached skill level 1 in Unarmed Combat
  2212 | D:3      | Reached skill level 1 in Spellcasting
  2212 | D:3      | Reached skill level 1 in Evocations
  2229 | D:3      | Found a faded altar of an unknown god.
  2231 | D:3      | Reached XP level 4. HP: 38/38 MP: 5/5
  2308 | D:3      | Found a basalt altar of Yredelemnul.
  2309 | D:3      | Noticed Sigmund
  2329 | D:3      | Killed Sigmund
  2330 | D:3      | Reached skill level 8 in Stealth
  2330 | D:3      | Reached skill level 1 in Conjurations
  2330 | D:3      | Reached skill level 1 in Hexes
  2330 | D:3      | Reached skill level 1 in Summonings
  2330 | D:3      | Reached skill level 1 in Necromancy
  2330 | D:3      | Reached skill level 1 in Translocations
  2330 | D:3      | Reached skill level 1 in Transmutations
  2330 | D:3      | Reached skill level 1 in Fire Magic
  2330 | D:3      | Reached skill level 1 in Ice Magic
  2330 | D:3      | Reached skill level 1 in Air Magic
  2330 | D:3      | Reached skill level 1 in Earth Magic
  2330 | D:3      | Reached skill level 1 in Poison Magic
  2330 | D:3      | Reached XP level 5. HP: 43/43 MP: 5/7
  2330 | D:3      | Reached XP level 6. HP: 50/50 MP: 5/8
  2649 | D:3      | Noticed Ijyb
  2684 | D:3      | Killed Ijyb
  2685 | D:3      | Reached skill level 5 in Fighting
  2685 | D:3      | Reached skill level 5 in Short Blades
  2685 | D:3      | Reached skill level 5 in Throwing
  2853 | D:3      | Noticed a black bear
  2873 | D:3      | Killed a black bear
  3477 | D:4      | Reached XP level 7. HP: 19/56 MP: 10/10
  3681 | D:4      | Found a staircase to the Ecumenical Temple.
  3795 | D:4      | HP: 1/56 [orc/+0 short sword (5)]
  3795 | D:4      | Constricted to death by a ball python

Illustrated notes

Levels and vault maps discovered:
D:1:      dpeg_arrival_more_subterranean_lakeside_camping, layout_basic
D:2:      layout_basic, serial_shops, shop
D:3:      minmay_chambers_of_twos, layout_loops_cross,
          nicolae_overflow_crystal_walls, nicolae_ecumenical_snake_handling,
          minmay_cupped, uniq_ijyb, uniq_sigmund
D:4:      layout_rooms, minmay_temple_entry_gardened_gates, grunt_decor_cap,
          minivault_19

Skill      XL: |  1  2  3  4  5  6  7 |
---------------+----------------------+-----
Invocations    | 1 2 |  2.6
Long Blades    | 1 2 |  2.4
Axes           | 1 2 |  2.4
Maces & Flails | 1 2 |  2.4
Polearms       | 1 2 |  2.4
Staves         | 1 2 |  2.4
Ranged Weapons | 1 2 |  2.4
Armour         | 1 2 |  2.4
Shields        | 1 2 |  2.4
Unarmed Combat | 1 2 |  2.4
Spellcasting   | 1 2 |  2.4
Evocations     | 1 2 |  2.4
Dodging        | 3 |  3.5
Stealth        | 8 |  8.2
Conjurations   | 1 2 |  2.0
Hexes          | 1 2 |  2.0
Summonings     | 1 2 |  2.0
Necromancy     | 1 2 |  2.0
Translocations | 1 2 |  2.0
Transmutations | 1 2 |  2.0
Fire Magic     | 1 2 |  2.0
Ice Magic      | 1 2 |  2.0
Air Magic      | 1 2 |  2.0
Earth Magic    | 1 2 |  2.0
Poison Magic   | 1 2 |  2.0
Fighting       | 5 |  5.2
Short Blades   | 5 |  5.2
Throwing       | 5 |  5.2

Action                   |  1- 3 |  4- 6 |  7- 9 || total
-------------------------+-------+-------+-------++-------
Melee: Dagger            |    55 |       |       ||    55
       Bite              |     7 |    17 |     2 ||    26
       Punch             |     2 |     4 |       ||     6
       Short sword       |    15 |   161 |    38 ||   214
       Unarmed           |       |    25 |       ||    25
  Use: Scroll            |     7 |     2 |       ||     9
 Stab: Sleeping          |    18 |     9 |     1 ||    28
Armor: Robe              |     4 |    28 |     9 ||    41
       Skin              |       |     8 |       ||     8
Dodge: Dodged            |    26 |   112 |    26 ||   164
